 Dungeon Crawl Stone Soup version 0.29.1-1-gd02db69 (webtiles) character file.

Game seed: 16770888635523234176

41323 Timinator the Martial Artist (level 13, -4/133 HPs)
             Began as a Demigod Transmuter on Jan 12, 2023.
             Slain by a death yak (15 damage)
             ... on level 5 of the Lair of Beasts.
             The game lasted 01:10:38 (17401 turns).

Timinator the Martial Artist (Demigod Transmuter)  Turns: 17401, Time: 01:10:39

Health: -4/133     AC:  7    Str: 25    XL:     13   Next: 43%
Magic:  16/19      EV: 22    Int: 15    God:
Gold:   570        SH:  5    Dex: 22    Spells: 9/16 levels left

rFire   x . .      SeeInvis +     - Unarmed
rCold   + + +      Faith    .   (shield currently unavailable)
rNeg    . . .      Spirit   .   (body armour currently unavailable)
rPois   +          Reflect  +   (helmet currently unavailable)
rElec   .          Harm     .   (cloak currently unavailable)
rCorr   .          Rampage  .   (gloves currently unavailable)
Will    ++...                   (boots currently unavailable)
Stlth   ++........              l - amulet "Lyruskeego" {Reflect rPois Will+ SH+5}
HPRegen 0.32/turn               e - +6 ring of strength
MPRegen 0.16/turn               n - +4 ring of evasion

@: ice-form, wereblooded
A: freezing attack, amphibious, boosted hp, large, high MP 1, forlorn, divine
attributes, see invisible, mutation resistance 1
a: End Transformation


You were on level 5 of the Lair of Beasts.
You were a creature of crystalline ice.
You visited 2 branches of the dungeon, and saw 15 of its levels.
You also visited: Gauntlet and Ice Cave.

You collected 726 gold pieces.
You spent 156 gold pieces at shops.

Inventory:

Missiles
 w - 6 curare-tipped darts (quivered)
 A - 2 throwing nets
 X - 8 javelins
Armour
 d - a +1 ring mail of cold resistance
 q - a +0 helmet (melded)
 r - a +2 cloak (melded)
 y - the +2 pair of gloves of Moral Flaws (melded) {Fly rPois}
   (You found it on level 4 of the Dungeon)

   rPois:     It protects you from poison.
   Fly:       It grants you flight.
 I - a +0 ring mail
 J - a +0 pair of boots
 M - a +1 troll leather armour (melded)
 V - the +0 pair of boots "Jerozag" (melded) {rElec MP+9}
   (You found it in a Gauntlet)

   rElec:     It insulates you from electricity.
   MP:        It affects your magic capacity (+9).
 W - a +2 pair of boots of rampaging
Jewellery
 e - a +6 ring of strength (left front paw)
 l - the amulet "Lyruskeego" (around neck) {Reflect rPois Will+ SH+5}
   (You took it off a minotaur in a Gauntlet)

   [amulet of reflection]

   It reflects blocked missile attacks.
   rPois:     It protects you from poison.
   SH:        It affects your SH (+5).
   Will:      It increases your willpower.
 n - a +4 ring of evasion (right front paw)
 o - a +6 ring of dexterity
 U - a ring of protection from fire
Wands
 p - a wand of digging (14)
 v - a wand of iceblast (5)
 H - a wand of mindburst (6)
 N - a wand of quicksilver (10)
 R - a wand of paralysis (5)
 Z - a wand of flame (8)
Scrolls
 a - 3 scrolls of vulnerability
 i - 5 scrolls of fear
 k - 9 scrolls of enchant armour
 m - 2 scrolls of brand weapon
 s - 3 scrolls of summoning
 x - 2 scrolls of butterflies
 E - 13 scrolls of teleportation
 F - 6 scrolls of blinking
 G - 3 scrolls of torment
 K - 3 scrolls of poison
 O - 4 scrolls of enchant weapon
 T - a scroll of magic mapping
Potions
 b - 8 potions of curing
 c - 2 potions of heal wounds
 g - 2 potions of mutation
 h - 2 potions of haste
 j - a potion of attraction
 t - 4 potions of might
 u - 3 potions of brilliance
 z - 2 potions of ambrosia
 C - 4 potions of invisibility {unknown}
 L - 2 potions of magic
 P - a potion of resistance
Miscellaneous
 S - a lightning rod (4/4)


   Skills:
 * Level 9.2 Fighting
 - Level 3.0 Armour
 * Level 11.0 Dodging
 - Level 0.4 Shields
 + Level 14.0 Unarmed Combat
 - Level 2.0 Spellcasting
 * Level 9.7 Transmutations
 - Level 3.0 Ice Magic


You had 9 spell levels left.
You knew the following spells:

 Your Spells              Type           Power      Damage    Failure   Level
a - Beastly Appendage     Tmut           60%        N/A       1%          1
b - Wereblood             Tmut           30%        N/A       1%          2
c - Ice Form              Ice/Tmut       20%        N/A       16%         4

Your spell library contained the following spells:

 Spells                   Type           Power      Damage    Failure   Level
 Spider Form              Tmut/Pois      16%        N/A       9%          3
 Summon Small Mammal      Summ           4%         N/A       22%         1
 Poisonous Vapours        Pois/Air       2%         N/A       32%         2
 Call Canine Familiar     Summ           1%         N/A       54%         3
 Dazzling Flash           Conj/Hex       2%         N/A       54%         3
 Summon Guardian Golem    Hex/Summ       1%         N/A       54%         3
 Alistair's Intoxication  Tmut/Pois      10%        N/A       63%         5
 Airstrike                Air            0%         2d(1-17)  91%         4
 Corpse Rot               Necr/Pois/Air  1%         N/A       91%         4
 Iskenderun's Mystic Bla  Conj/Tloc      1%         2d3       91%         4
 Summon Lightning Spire   Summ/Air       1%         N/A       91%         4
 Agony                    Necr           1%         N/A       99%         5
 Borgnjor's Vile Clutch   Necr/Erth      0%         N/A       99%         5
 Lightning Bolt           Conj/Air       0%         1d11      99%         5
 Silence                  Hex/Air        0%         N/A       99%         5
 Eringya's Noxious Bog    Tmut/Pois      8%         N/A       99%         6
 Starburst                Conj/Fire      0%         6d3       100%        6


Dungeon Overview and Level Annotations

Branches:
Dungeon (10/15)            Temple (0/1) D:6            Lair (5/5) D:8
  Swamp (0/4) Lair:2       Spider (0/4) Lair:3        Slime (0/5) Lair:4
    Orc (0/2) D:10          IceCv (visited)         Gauntlet (visited)

Shops:
D:10 ?[*


Innate Abilities, Weirdness & Mutations

You are a creature of crystalline ice.
You have a powerful freezing melee attack.
You are amphibious.
Your maximum health is increased.
Your armour is entirely melded.
You are incapable of wielding weapons or throwing items.
You have an increased reservoir of magic. (+10% MP)
You shall have no god before yourself.
Your divine heritage dramatically boosts your attributes as you level up.
You have supernaturally acute eyesight. (SInv)
You are somewhat resistant to further mutation.


Message History

You completely miss the death yak.
The death yak gores the fungus!
The death yak gores you.
You punch the death yak! You freeze the death yak.
The death yak is moderately wounded.
You punch the death yak! You freeze the death yak.
The death yak is moderately wounded.
You pummel the death yak!! You freeze the death yak!
The death yak is severely wounded.
A nearby fungus withers and dies.
The death yak gores you!!
The death yak gores you but does no damage.
You pummel the death yak!! You freeze the death yak!
You feel a bit better.
You kill the death yak!
The death yak gores you! The death yak attacks as you move away!
The death yak misses you. The death yak attacks as you move away!
The death yak barely misses you.
You howl as the wereblood boils in your veins!
You pummel the death yak!! You freeze the death yak!
The death yak is heavily wounded.
The death yak gores you but does no damage.
You pummel the death yak!! You freeze the death yak.
The death yak is almost dead.
You punch the death yak! You freeze the death yak.
You feel a bit better.
You kill the death yak!
The death yak gores you!
You hit the death yak. You freeze the death yak.
The death yak is lightly wounded.
You block the death yak's attack. The death yak gores you!
The death yak gores you!!
* * * LOW HITPOINT WARNING * * *
Okay, then.
As you read the scroll of fear, it crumbles to dust.
You assume a fearsome visage.
The death yak easily resists.
The death yak resists with some effort.
The death yak resists with almost no effort.
The komodo dragon easily resists.
You howl as the wereblood boils in your veins!
The death yak gores you!
* * * LOW HITPOINT WARNING * * *
The death yak gores you!
You die...

...Y.Y......... .........l......
#.... #.Y# ... .#.##.... ##Y##
...^ .......#... ##Y..#..... #.
.....P..... #Y......... #..
..........###.....#... #...
....##....#Y.......... #..#
#...##....YYl.#####....
#.####...##...^Y##..####.....
#........#P....#.....#.#......
##..............................
#P......<.......................
#P...............................
#................................
#....P#...#PP....................
##..####.P###....P.#.............


You could see 3 death yaks and a komodo dragon.

Vanquished Creatures
  A minotaur (Gauntlet)
  4 hydras
  2 boulder beetles
  An anaconda (shapeshifter) (D:9)
  A centaur warrior (D:9)
  2 catoblepae (Lair:2)
  Erica (Lair:1)
  9 death yaks
  A tengu warrior (Gauntlet)
  Sonja (Lair:1)
  Amaemon (Lair:1)
  A deep troll (Lair:4)
  A wolf spider (Lair:3)
  A necromancer (Lair:2)
  2 ugly things
  7 black mambas
  An orange demon (Lair:1)
  2 ice statues (IceCv)
  4 elephants
  A minotaur zombie (Gauntlet)
  6 cane toads
  A rime drake (Lair:5)
  A freezing wraith (IceCv)
  10 komodo dragons
  A troll (D:9)
  3 polar bears
  A tengu conjurer (Gauntlet)
  3 hornets
  7 blink frogs
  8 shadows (Gauntlet)
  A wraith (D:10)
  23 yaks
  3 wyverns
  5 basilisks
  2 steam dragons
  An acid dragon (D:10)
  2 wargs (D:8)
  6 water moccasins
  3 orc warriors
  An ice beast (D:7)
  A sky beast (D:7)
  3 black bears
  20 wolves
  6 centaurs
  A phantom (D:5)
  6 bullfrogs
  2 scorpions (D:5)
  3 necrophages
  3 gnoll sergeants
  A cane toad simulacrum (IceCv)
  11 killer bees
  4 howler monkeys
  An electric eel (Lair:2)
  3 jellies
  7 orc priests
  4 hounds
  2 gnoll boudas
  3 iguanas
  Natasha (thrice) (D:2)
  9 orc wizards
  6 polar bear simulacra
  4 yak simulacra (Lair:2)
  5 wolf simulacra
  Robin (D:2)
  24 gnolls
  9 adders
  A shadow imp (D:5)
  An ufetubus (D:4)
  A worm (D:4)
  A dart slug (D:3)
  27 orcs
  4 bats (D:1)
  8 endoplasms
  3 giant cockroaches
  13 goblins
  3 hobgoblins
  8 jackals
  8 kobolds
  2 quokkas
  12 ball pythons
  3 frilled lizards
  4 rats
  A river rat simulacrum (Lair:2)
374 creatures vanquished.

Vanquished Creatures (others)
  14 fungi
  40 plants
54 creatures vanquished.

Grand Total: 428 creatures vanquished

Notes
Turn   | Place    | Note
-------+----------+-------------------------------------------
     0 | D:1      | Timinator the Demigod Transmuter began the quest for the
                  | Orb.
     0 | D:1      | Reached XP level 1. HP: 15/15 MP: 5/5
    91 | D:1      | Reached skill level 1 in Fighting
   245 | D:1      | Reached XP level 2. HP: 23/23 MP: 5/7
   271 | D:1      | Learned a level 2 spell: Wereblood
   385 | D:1      | Reached skill level 3 in Unarmed Combat
   742 | D:2      | Reached XP level 3. HP: 28/28 MP: 6/8
   886 | D:2      | Reached skill level 1 in Armour
  1149 | D:2      | Noticed Natasha
  1155 | D:2      | Killed Natasha
  1247 | D:2      | Noticed Robin
  1267 | D:2      | Killed Robin
  1268 | D:2      | Reached XP level 4. HP: 27/35 MP: 6/9
  1431 | D:2      | Noticed Natasha
  1440 | D:2      | Killed Natasha
  1537 | D:2      | Noticed Natasha
  1547 | D:2      | Killed Natasha
  1974 | D:3      | Reached XP level 5. HP: 39/41 MP: 8/10
  2747 | D:4      | Identified the +2 pair of gloves of Moral Flaws {Fly rPois}
  2898 | D:4      | Reached skill level 4 in Unarmed Combat
  3299 | D:4      | Reached XP level 6. HP: 49/50 MP: 11/11
  3551 | D:5      | Entered Level 5 of the Dungeon
  3803 | D:5      | Reached XP level 7. HP: 7/57 MP: 11/13
  4333 | D:5      | Reached skill level 5 in Unarmed Combat
  4540 | D:5      | Learned a level 4 spell: Ice Form
  5554 | D:6      | Reached skill level 6 in Unarmed Combat
  5680 | D:6      | Reached XP level 8. HP: 57/66 MP: 10/14
  5936 | D:6      | Found a staircase to the Ecumenical Temple.
  6519 | D:7      | Reached skill level 1 in Ice Magic
  6686 | D:7      | Reached skill level 7 in Unarmed Combat
  7656 | D:7      | Reached XP level 9. HP: 68/73 MP: 15/15
  7781 | D:8      | Found a staircase to the Lair.
  7795 | D:8      | Reached skill level 5 in Fighting
  7795 | D:8      | Reached skill level 8 in Unarmed Combat
  9052 | D:8      | Reached skill level 5 in Transmutations
  9168 | D:8      | Gained mutation: You are clumsy. (Dex -2) [potion of
                  | mutation]
  9168 | D:8      | Gained mutation: You possess an exceptional clarity of
                  | mind. [potion of mutation]
  9169 | D:8      | Lost mutation: You are clumsy. (Dex -2) [potion of
                  | mutation]
  9169 | D:8      | Lost mutation: You possess an exceptional clarity of mind.
                  | [potion of mutation]
  9169 | D:8      | Gained mutation: You have supernaturally acute eyesight.
                  | (SInv) [potion of mutation]
  9169 | D:8      | Gained mutation: You are somewhat resistant to further
                  | mutation. [potion of mutation]
  9814 | D:9      | Noticed a purple ugly thing
  9824 | D:9      | Reached skill level 5 in Dodging
  9831 | D:9      | Killed a purple ugly thing
  9832 | D:9      | Reached skill level 9 in Unarmed Combat
  9872 | D:9      | Noticed a centaur warrior
  9954 | D:9      | Reached XP level 10. HP: 65/83 MP: 12/16
  9981 | D:9      | Noticed a boulder beetle
 10138 | D:9      | Killed a centaur warrior
 10387 | D:9      | Noticed an anaconda
 10401 | D:9      | Killed an anaconda
 10421 | D:9      | Killed a boulder beetle
 10793 | D:10     | Entered Level 10 of the Dungeon
 10794 | D:10     | Found Urracs's Magic Scroll Shoppe.
 10816 | D:10     | Bought a scroll of identify for 26 gold pieces
 10816 | D:10     | Bought a scroll of teleportation for 39 gold pieces
 10816 | D:10     | Bought a scroll of identify for 26 gold pieces
 10816 | D:10     | Bought a scroll of teleportation for 39 gold pieces
 10816 | D:10     | Bought a scroll of identify for 26 gold pieces
 10896 | D:10     | Reached skill level 10 in Unarmed Combat
 10967 | D:10     | Found Vourr's Assorted Antiques.
 11007 | D:10     | Found a staircase to the Orcish Mines.
 11190 | D:10     | Found Duokkor's Antique Armour Emporium.
 11381 | Lair:1   | Entered Level 1 of the Lair of Beasts
 11493 | Lair:1   | Identified the +1 leather armour of Siadd {rPois Str-3
                  | Int+7}
 11515 | Lair:1   | Noticed Sonja
 11531 | Lair:1   | Killed Sonja
 11698 | Lair:1   | Noticed a black mamba
 11720 | Lair:1   | Killed a black mamba
 11721 | Lair:1   | Reached XP level 11. HP: 91/91 MP: 17/17
 11937 | Lair:1   | Identified the ring "Suloh" {Fire +Blink MP+9 Str-4}
 12250 | Lair:1   | Noticed Amaemon
 12251 | Lair:1   | Noticed Erica
 12273 | Lair:1   | Killed Erica
 12279 | Lair:1   | Killed Amaemon
 12534 | Lair:2   | Found a staircase to the Swamp.
 12664 | Lair:2   | Noticed a boulder beetle
 12678 | Lair:2   | Found a frozen archway.
 12685 | IceCv    | Entered an ice cave
 12693 | IceCv    | Reached skill level 11 in Unarmed Combat
 12704 | IceCv    | Found a transporter.
 12714 | IceCv    | Found a transporter.
 13080 | Lair:2   | Noticed a seven-headed hydra
 13093 | Lair:2   | Killed a seven-headed hydra
 13201 | Lair:2   | Noticed a necromancer
 13209 | Lair:2   | Killed a necromancer
 13215 | Lair:2   | Killed a boulder beetle
 13294 | Lair:2   | Noticed a catoblepas
 13314 | Lair:2   | Killed a catoblepas
 13420 | Lair:2   | Noticed an eight-headed hydra
 13429 | Lair:2   | Killed an eight-headed hydra
 13482 | Lair:2   | Noticed a catoblepas
 13498 | Lair:2   | Killed a catoblepas
 13499 | Lair:2   | Reached XP level 12. HP: 43/101 MP: 16/18
 13613 | Lair:2   | Reached skill level 12 in Unarmed Combat
 13615 | Lair:2   | Noticed a four-headed hydra
 13627 | Lair:2   | Killed a four-headed hydra
 14324 | Lair:3   | Found a hole to the Spider Nest.
 14774 | Lair:3   | Reached skill level 10 in Dodging
 15412 | Lair:4   | Reached skill level 13 in Unarmed Combat
 15594 | Lair:4   | Noticed a six-headed hydra
 15607 | Lair:4   | Killed a six-headed hydra
 15753 | Lair:4   | Reached XP level 13. HP: 108/108 MP: 17/19
 15799 | Lair:4   | Found a gate leading to a gauntlet.
 15808 | Gauntlet | Entered a Gauntlet
 15808 | Gauntlet | Found a transporter.
 15808 | Gauntlet | Found a transporter.
 15815 | Gauntlet | Found a transporter.
 15816 | Gauntlet | Found a transporter.
 15819 | Gauntlet | Found a transporter.
 15851 | Gauntlet | Found a transporter.
 15866 | Gauntlet | Found a transporter.
 15867 | Gauntlet | Found a transporter.
 15877 | Gauntlet | Found a transporter.
 15897 | Gauntlet | Found a transporter.
 15904 | Gauntlet | Found a transporter.
 15905 | Gauntlet | Found a transporter.
 15942 | Gauntlet | Found a runed translucent door.
 16047 | Gauntlet | Identified the +0 pair of boots "Jerozag" {rElec MP+9}
 16121 | Gauntlet | Identified the amulet "Lyruskeego" {Reflect rPois Will+
                  | SH+5}
 16121 | Gauntlet | Noticed a minotaur
 16140 | Gauntlet | Killed a minotaur
 16221 | Gauntlet | Found the +7 great mace "Firestarter" {inner flame, rF++}
 16416 | Lair:4   | Found a staircase to the Slime Pits.
 17115 | Lair:5   | Entered Level 5 of the Lair of Beasts
 17391 | Lair:5   | Reached skill level 14 in Unarmed Combat
 17401 | Lair:5   | Slain by a death yak

Illustrated notes

Levels and vault maps discovered:
D:1:      spicycebolla_arrival_clurvy, layout_rooms, minmay_fountain_box
D:2:      layout_basic, uniq_robin, uniq_natasha
D:3:      layout_rooms, mainiacjoe_overflow_small_starburst,
          chequers_serial_rivers_large_a, st_stairs_11, minivault_19
D:4:      layout_loops_corners, minmay_increasing_density
D:5:      layout_layer_cave
D:6:      layout_cave_pools, minmay_temple_entry_metal_lava
D:7:      layout_gridville, mainiacjoe_overflow_chevrons, xom_teletrap_fun,
          trog_three_pillars_becter, serial_co_window_serial, co_window_paths_b,
          co_window_of_opportunity_a, co_window_paths_b, co_window_corner_a,
          co_window_paths_b, co_window_corner_b, co_window_corner_b,
          co_window_corner_ca, co_window_paths_c, co_window_4corner_b,
          co_window_paths_d, glass_columns_a
D:8:      layout_layer_cave, erik_lair_orcish_takeover, kennysheep_nub,
          lemuel_flame_loot_1
D:9:      layout_grid_maze, minmay_fractal_squares_gapless_7
D:10:     layout_cave_pools, orc_0_dummy, serial_shops, shop,
          kennysheep_mini_moat, shop_scrolls
Lair:1:   layout_gridlike, wad_woods_road_01, grunt_megastairs_3, uniq_erica,
          uniq_sonja, uniq_amaemon
Lair:2:   nzn_winding_woodlands_medium [nzn_winding_woodlands_5x5_default,
          nzn_winding_woodlands_5x15_eye, nzn_winding_woodlands_5x5_perimeter,
          nzn_winding_woodlands_5x5_three, nzn_winding_woodlands_center_garden,
          nzn_winding_woodlands_5x5_open_star,
          nzn_winding_woodlands_5x5_closed_star,
          nzn_winding_woodlands_5x15_longhouse,
          nzn_winding_woodlands_5x5_checkerboard], layout_loops_ring,
          swamp_mist, portal_ice_cave_entry_ice_simulacra, minivault_24,
          eino_house_with_fridge, serial_bayou_shore_a
Lair:3:   layout_big_grid, spider_nest_entry_rubble, serial_forest,
          infiniplex_forest_straight_4, infiniplex_forest_straight_4,
          infiniplex_forest_pool, infiniplex_forest_clump_small,
          infiniplex_forest_zigzag_2, infiniplex_forest_clump_curved,
          infiniplex_forest_lined_room_2
Lair:4:   dreamdust_cave_troll, layout_loops_ring, dpeg_slime_entry_enclosed,
          basic_altar, gauntlet_entry_generic
Lair:5:   evilmike_catoblepas_cave, layout_regular_city

Skill      XL: |  1  2  3  4  5  6  7  8  9 10 11 12 13 |
---------------+----------------------------------------+-----
Fighting       | 1 2 3 4 5 6 7 8 9 |  9.2
Dodging        | 2 3 4 5 7 9 10 11 | 11.0
Spellcasting   | 2 |  2.0
Unarmed Combat | 3 4 6 7 9 10 11 13 14 | 14.0
Transmutations | 2 3 4 5 6 8 9 |  9.7
Armour         | 1 2 3 |  3.0
Ice Magic      | 2 3 |  3.0
Shields        | |  0.4

Action                   |  1- 3 |  4- 6 |  7- 9 | 10-12 | 13-15 || total
-------------------------+-------+-------+-------+-------+-------++-------
Melee: Unarmed           |    67 |   202 |   410 |   681 |   167 ||  1527
       Kick              |    19 |    43 |    77 |    80 |    33 ||   252
       Headbutt          |     9 |    14 |    36 |    53 |    17 ||   129
       Punch             |       |     4 |    31 |    58 |    21 ||   114
Throw: Dart              |       |       |       |     7 |       ||     7
 Cast: Beastly Appendage |    13 |    25 |    20 |    20 |     6 ||    84
       Wereblood         |     3 |     8 |    21 |    39 |    15 ||    86
       Ice Form          |       |       |       |    13 |     1 ||    14
Evoke: Wand              |       |       |       |     6 |       ||     6
       Lightning rod     |       |       |       |     2 |       ||     2
  Use: Potion            |       |     1 |     3 |     8 |     1 ||    13
       Scroll            |       |       |     9 |    18 |     4 ||    31
 Stab: Sleeping          |     1 |     6 |     3 |     3 |       ||    13
       Petrified         |       |       |       |     2 |       ||     2
Armor: Robe              |     8 |       |       |       |       ||     8
       Leather armour    |     7 |    36 |    37 |       |       ||    80
       Skin              |       |     1 |    19 |    70 |     2 ||    92
       Ring mail         |       |       |    66 |     8 |       ||    74
       Troll leather arm |       |       |       |    76 |    36 ||   112
Dodge: Dodged            |    33 |   125 |   316 |   666 |   144 ||  1284
Block: Other             |     1 |    47 |    99 |   153 |    36 ||   336
       Reflection        |       |     1 |     2 |     1 |       ||     4
